Construct Section Command Post
Construct Platoon Command Post
Selects Australian Defense Battlegroup
Selects Australian Light Infantry Section
Selects Defensive Tactics
Australian Light Infantry Section
Construct Company Command Post
Australian Light Infantry Section
Selects Vehicle Over Repair
Selects CMP 15cwt Supply Run
Selects Reinforced Resource Caches
Selects Charged Creeping Barrage
Unlock Towed 17-pounder Anti-tank Guns
17-pounder Anti-tank Gun Team
Australian Light Infantry Section
17-pounder Anti-tank Gun Team